 Dungeon Crawl Stone Soup version 0.27.0-1-g7a089689b8 (webtiles) character file.

Game seed: 16229984582450242969

13441 Donbassman the Grappler (level 11, -2/107 HPs)
             Began as a Troll Berserker on Aug 17, 2021.
             Was an Elder of Trog.
             Slain by a fire bat (3 damage)
             ... in a volcano.
             The game lasted 00:51:53 (9660 turns).

Donbassman the Grappler (Troll Berserker)           Turns: 9660, Time: 00:51:53

Health: -2/107     AC:  6    Str: 33    XL:     11   Next: 75%
Magic:  10/10      EV: 17    Int:  3    God:    Trog [****..]
Gold:   745        SH:  0    Dex: 14    Spells: 10/10 levels left

rFire    + . .     SeeInvis .   I - +8 rapier "Qostrurch" {spect, +Blink Dex+2}
rCold    . . .     Faith    .   (no shield)
rNeg     . . .     Spirit   .   C - +2 robe {rF+}
rPois    .         Reflect  .   (helmet restricted)
rElec    .         Harm     .   (no cloak)
rCorr    .         Rampage  .   (gloves unavailable)
Will     .....                  (boots unavailable)
Stlth    ++........             (no amulet)
HPRegen  1.27/turn              k - +4 ring of evasion
MPRegen  0.12/turn              y - +6 ring of strength

@: about to teleport
A: large, unfitting armour, claws 3, regeneration 1, shaggy fur 1, tough skin 1
a: Renounce Religion, Evoke Blink, Berserk, Trog's Hand, Brothers in Arms


You were in a volcano.
You worshipped Trog.
Trog was greatly pleased with you.
You visited 4 branches of the dungeon, and saw 13 of its levels.
You also visited: Volcano.

You collected 745 gold pieces.

Inventory:

Hand Weapons
 B - a +0 trident
 I - the +8 rapier "Qostrurch" (weapon) {spect, +Blink Dex+2}
   (You found it on level 9 of the Dungeon)

   When its wielder attacks, the weapon's spirit leaps out and strikes again.
   The spirit shares a part of any damage it takes with its wielder.
   Dex:       It affects your dexterity (+2).
   +Blink:    It lets you blink.
Armour
 a - a +2 animal skin
 C - a +2 robe of fire resistance (worn)
 D - a scarf of shadows
Jewellery
 k - a +4 ring of evasion (left claw)
 m - a ring of poison resistance
 v - a +4 ring of evasion
 y - a +6 ring of strength (right claw)
 z - a ring of resist corrosion
Wands
 s - a wand of charming (11)
 w - a wand of iceblast (13)
 F - a wand of flame (13)
 H - a wand of mindburst (5)
Scrolls
 b - 2 scrolls of magic mapping
 c - 2 scrolls of vulnerability
 d - a scroll of enchant armour
 e - 3 scrolls of identify
 h - 5 scrolls of amnesia
 l - a scroll of blinking
 p - 2 scrolls of holy word
 t - 4 scrolls of enchant weapon
 x - 2 scrolls of immolation {unknown}
 J - a scroll of acquirement {unknown}
 K - a scroll of noise {unknown}
Potions
 f - 4 potions of magic
 g - 2 potions of ambrosia
 i - a potion of attraction
 n - 6 potions of curing
 o - 2 potions of degeneration
 q - a potion of brilliance
 r - 2 potions of cancellation
 u - 2 potions of lignification
 A - a potion of flight {unknown}
 E - a potion of might {unknown}
 G - 2 potions of invisibility {unknown}


   Skills:
 + Level 6.4 Fighting
 + Level 6.2 Short Blades
 + Level 8.2 Dodging
 - Level 2.5 Stealth
 - Level 12.5 Unarmed Combat


You had 10 spell levels left.
You didn't know any spells.
Your spell library contained the following spells:

 Spells                   Type           Power      Damage    Failure   Level
 Beastly Appendage        Tmut           0%         N/A       52%         1
 Shock                    Conj/Air       0%         1d3       52%         1
 Wereblood                Tmut           0%         N/A       67%         2
 Spider Form              Tmut/Pois      0%         N/A       88%         3
 Swiftness                Air            0%         N/A       88%         3
 Airstrike                Air            0%         N/A       99%         4
 Summon Lightning Spire   Summ/Air       0%         N/A       99%         4
 Lightning Bolt           Conj/Air       0%         1d11      100%        5


Dungeon Overview and Level Annotations

Branches:
Dungeon (10/15)            Temple (1/1) D:7            Lair (1/6) D:9
    Orc (1/2) D:10        Volcano (1/1)

Altars:
Ashenzari
Cheibriados
Dithmenos
Elyvilon
Fedhas
Gozag
Hepliaklqana
Kikubaaqudgha
Makhleb
Nemelex Xobeh
Okawaru
Qazlal
Ru
Sif Muna
Trog
Uskayaw
Vehumet
Wu Jian
Xom
Yredelemnul
Zin
The Shining One

Shops:
D:4 =   D:7 =   D:8 [**(


Innate Abilities, Weirdness & Mutations

You are too large for most types of armour.
You have claws for hands.
Your natural rate of healing is unusually fast.
You are covered in fur. (AC +1)
You have tough skin. (AC +1)


Message History

The fire bat completely misses you. The fire bat barely misses you.
The fire bat misses you. The fire bat bites you.
You are engulfed in flames.
You resist. The fire bat bites you.
You are engulfed in flames.
You resist.
* * * LOW HITPOINT WARNING * * *
The fire bat bites you.
* * * LOW HITPOINT WARNING * * *
You are engulfed in flames.
You resist.
* * * LOW HITPOINT WARNING * * *
The fire bat misses you. The fire bat completely misses you.
The fire bat misses you. The fire bat completely misses you.
The fire bat bites you but does no damage.
The fire bat bites you.
* * * LOW HITPOINT WARNING * * *
You are engulfed in flames.
You resist.
* * * LOW HITPOINT WARNING * * *
The fire bat completely misses you.
You completely miss the fire bat.
Your spectral +8 rapier "Qostrurch" {spect, +Blink Dex+2} hits the fire bat!
The fire bat bites you but does no damage.
The fire bat closely misses you.
The fire bat closely misses your spectral +8 rapier "Qostrurch" {spect, +Blink Dex+2}.
The fire bat closely misses you. x2
As you read the scroll of teleportation, it crumbles to dust.
You feel strangely unstable. The fire bat misses you.
The fire bat bites you but does no damage.
The fire bat bites you.
* * * LOW HITPOINT WARNING * * *
You are engulfed in flames.
You resist.
* * * LOW HITPOINT WARNING * * *
The fire dragon breathes flames at you.
The blast of flame hits the hell hound.
The hell hound completely resists.
The blast of flame hits you!! You resist.
* * * LOW HITPOINT WARNING * * *
The fire bat barely misses you. The fire bat completely misses you.
The fire bat bites you.
* * * LOW HITPOINT WARNING * * *
You are engulfed in flames.
You resist.
You die...

#....§§≈≈§§
##...§≈§§≈≈§
#....§≈≈§≈§≈
##..§§§§≈§≈≈≈
###....§§§≈≈§≈≈
###.D....§§≈≈≈.§≈
##h.#####.h.......
####.b###############
##.##@≈≈§§○○# #
#§..bbb§§≈☼##
#§§....§§§≈≈#
##§..§§§§≈≈##
#≈≈≈.§§§≈###
#≈≈≈≈≈≈≈## ##≈☼§§###
###☼☼# ####


You could see a fire dragon (catching breath), a hell hound and 4 fire bats.

Vanquished Creatures
  A two-headed ogre (D:10)
  The ghost of Rayvis the Magician, a novice DjVM (D:7)
  A moth of wrath (D:7)
  Joseph (D:9)
  2 black mambas (Lair:1)
  3 komodo dragons
  3 cane toads (Lair:1)
  4 centaur skeletons (D:10)
  2 rime drakes (Lair:1)
  Psyche (D:8)
  2 hellwings (D:10)
  A hornet (D:9)
  A meliai zombie (D:10)
  A shadow (D:10)
  2 wraiths
  3 fire bats (Lair:1)
  8 yaks
  A wyvern (D:9)
  A steam dragon (D:6)
  3 wargs (D:10)
  5 orc warriors
  3 ice beasts
  2 sky beasts
  A black bear (D:7)
  A necrophage (D:6)
  3 centaurs
  5 ogres
  7 kobold brigands
  2 bullfrogs
  2 gnoll sergeants
  A water moccasin skeleton (D:5)
  3 wights
  2 electric eels
  3 centaur zombies
  2 hounds
  A jelly (D:4)
  5 orc priests
  3 orc wizards
  3 iguanas
  3 killer bee zombies
  11 gnolls
  A howler monkey skeleton (D:5)
  An adder (D:2)
  6 shadow imps
  2 white imps
  2 ufetubi
  2 dart slugs
  28 orcs
  2 ball pythons
  5 bats
  15 endoplasms
  3 giant cockroaches
  3 goblins
  9 hobgoblins
  2 jackals (D:5)
  6 quokkas
  2 frilled lizards (D:1)
  31 kobolds
  5 rats
235 creatures vanquished.

Vanquished Creatures (others)
  18 plants
  7 withered plants (D:10)
25 creatures vanquished.

Grand Total: 260 creatures vanquished

Notes
Turn   | Place    | Note
-------+----------+-------------------------------------------
     0 | D:1      | Donbassman the Troll Berserker began the quest for the Orb.
     0 | D:1      | Reached XP level 1. HP: 22/22 MP: 0/0
   399 | D:1      | Reached XP level 2. HP: 29/29 MP: 1/1
   852 | D:2      | Reached XP level 3. HP: 36/36 MP: 2/2
   890 | D:2      | Found a basalt altar of Yredelemnul.
   963 | D:2      | Reached ** piety under Trog
  1116 | D:2      | You fall into a shaft and drop 1 floor!
  1411 | D:2      | You fall into a shaft and drop 1 floor!
  1982 | D:3      | Reached skill level 4 in Unarmed Combat
  2295 | D:4      | Reached XP level 4. HP: 44/44 MP: 3/3
  2309 | D:4      | Found Qousot's Jewellery Shop.
  2485 | D:4      | Found a snail-covered altar of Cheibriados.
  2718 | D:5      | Entered Level 5 of the Dungeon
  2728 | D:5      | Noticed an ogre
  2735 | D:5      | Killed an ogre
  2736 | D:5      | Reached skill level 5 in Unarmed Combat
  2736 | D:5      | Reached XP level 5. HP: 50/50 MP: 4/4
  2740 | D:5      | Found a broken altar of Ashenzari.
  2747 | D:5      | Noticed a centaur
  2861 | D:5      | Noticed an ogre
  2867 | D:5      | Killed an ogre
  2868 | D:5      | Reached XP level 6. HP: 59/59 MP: 5/5
  2897 | D:5      | Noticed a sky beast
  2904 | D:5      | Killed a sky beast
  2905 | D:5      | Reached skill level 6 in Unarmed Combat
  2926 | D:5      | Found an ornate altar of the Wu Jian Council.
  3008 | D:5      | Reached skill level 1 in Stealth
  3239 | D:5      | Reached XP level 7. HP: 66/66 MP: 6/6
  3407 | D:5      | Reached skill level 7 in Unarmed Combat
  3792 | D:6      | Noticed a steam dragon
  3819 | D:6      | Killed a steam dragon
  3820 | D:6      | Reached skill level 8 in Unarmed Combat
  3820 | D:6      | Reached XP level 8. HP: 75/75 MP: 7/7
  4370 | D:7      | Reached skill level 9 in Unarmed Combat
  4390 | D:7      | Reached *** piety under Trog
  4580 | D:7      | Found a staircase to the Ecumenical Temple.
  4611 | Temple   | Entered the Ecumenical Temple
  4920 | D:7      | You fall into a shaft and drop 1 floor!
  5118 | D:7      | Reached skill level 10 in Unarmed Combat
  5125 | D:7      | Reached XP level 9. HP: 60/83 MP: 8/8
  5326 | D:7      | Found Jaub Nyc Toa's Jewellery Shop.
  5391 | D:7      | Reached skill level 5 in Dodging
  5392 | D:7      | Noticed a moth of wrath
  5424 | D:7      | Found a transporter.
  5424 | D:7      | Noticed Rayvis's ghost (novice DjVM)
  5439 | D:7      | Found a transporter.
  5552 | D:7      | Killed Rayvis's ghost
  5562 | D:7      | Reached skill level 11 in Unarmed Combat
  5563 | D:7      | Killed a moth of wrath
  5986 | D:8      | Found Gig Pynt's Antique Weapon Shoppe.
  6007 | D:8      | Found Teall's Assorted Antiques.
  6009 | D:8      | Found Tizefyrr's General Store.
  6022 | D:8      | Noticed Psyche
  6043 | D:8      | Killed Psyche
  6135 | D:8      | Found Eczucu's Armour Boutique.
  6149 | D:8      | Found a glowing golden altar of the Shining One.
  6859 | D:8      | Reached XP level 10. HP: 82/91 MP: 9/9
  6918 | D:9      | Reached **** piety under Trog
  7055 | D:9      | Reached skill level 12 in Unarmed Combat
  7067 | D:9      | Identified the +8 rapier "Qostrurch" {spect, +Blink Dex+2}
  7130 | D:9      | Found a staircase to the Lair.
  7238 | D:9      | Reached skill level 1 in Short Blades
  7314 | D:9      | Noticed Joseph
  7432 | D:9      | Killed Joseph
  7723 | D:10     | Entered Level 10 of the Dungeon
  7828 | D:10     | Reached skill level 5 in Fighting
  7851 | D:10     | Reached XP level 11. HP: 100/104 MP: 10/10
  7880 | D:10     | Found a staircase to the Orcish Mines.
  8035 | D:10     | Noticed a two-headed ogre
  8039 | D:10     | Killed a two-headed ogre
  8377 | Orc:1    | Entered Level 1 of the Orcish Mines
  9278 | Lair:1   | Entered Level 1 of the Lair of Beasts
  9289 | Lair:1   | Reached skill level 5 in Short Blades
  9571 | Lair:1   | Found a dark tunnel.
  9590 | Volcano  | Entered a volcano
  9638 | Volcano  | Noticed a fire dragon
  9659 | Volcano  | HP: 2/107 [fire dragon/blast of flame (20)]
  9660 | Volcano  | Slain by a fire bat

Illustrated notes

Levels and vault maps discovered:
D:1:      dpeg_arrival_three_bigger_balls, layout_basic,
          amcnicky_mini_corridor_feature, roderic_malta_cross
D:2:      layout_loops_ring, basic_altar, minmay_tripent
D:3:      layout_loops_cross
D:4:      layout_rooms, kennysheep_slug_shrine, serial_shops, kennysheep_mini
D:5:      layout_basic, nicolae_ashenzari_panopticon, overflow_temple_1_default,
          chequers_decorated_corner, hangedman_abyss_or_decor_passed
D:6:      layout_basic
D:7:      layout_gridville, temple_statues, gammafunk_ghost_berserking_beasts,
          serial_shops, nicolae_shop_trees, hex_tiny, serial_bayou_ford_a
D:8:      layout_basic, tso_metal_star, serial_shops, shop, nicolae_square_shop,
          nicolae_square_shop, nicolae_take_the_stairs, kennysheep_minor_cross,
          uniq_psyche
D:9:      layout_rooms, david_lair_shrubbed, columned_hall_lemuel, uniq_joseph
D:10:     cheibrodos_grave_circle, layout_grid_maze,
          minmay_orc_entry_guard_dogs, chequers_garden
Temple:   regret_index_temple_mists
Lair:1:   layout_loops_ring, nicolae_volcano_entry_batcave, lemuel_fruit_fields,
          grunt_megastairs_3
Orc:1:    layout_diamond_mine, kennysheep_orc_chapel
Volcano:  volcano_pools

Skill      XL: |  1  2  3  4  5  6  7  8  9 10 11 |
---------------+----------------------------------+-----
Dodging        | 3 4 5 7 8 |  8.2
Unarmed Combat | 4 5 6 8 10 11 12 | 12.5
Stealth        | 1 2 |  2.5
Fighting       | 3 4 5 6 |  6.4
Short Blades   | 3 6 |  6.2

Action                   |  1- 3 |  4- 6 |  7- 9 | 10-12 || total
-------------------------+-------+-------+-------+-------++-------
Melee: Unarmed           |   120 |    45 |   234 |    33 ||   432
       Punch             |     1 |     2 |    10 |    27 ||    40
       Rapier            |       |       |       |   212 ||   212
Invok: Berserk           |       |     1 |    10 |     7 ||    18
       Trog's Hand       |       |       |     5 |     5 ||    10
 Abil: Evoke Blink       |       |       |       |     2 ||     2
  Use: Scroll            |    11 |     3 |     5 |     6 ||    25
       Potion            |     1 |       |       |     2 ||     3
 Stab: Sleeping          |     2 |     1 |       |       ||     3
       Distracted        |       |       |       |     3 ||     3
Armor: Animal skin       |    50 |     8 |    57 |       ||   115
       Robe              |       |       |     6 |    74 ||    80
Dodge: Dodged            |    62 |    31 |   209 |   235 ||   537
